 Dungeon Crawl Stone Soup version 0.30.1-11-g7821555f0a (webtiles) character file.

Game seed: 3227201499065873299

28 DemonSlayer the Digger (level 3, 24/24 HPs)
             Began as a Demonspawn Earth Elementalist on Nov 14, 2023.
             Got out of the dungeon alive.
             The game lasted 00:01:28 (897 turns).

DemonSlayer the Digger (DsEE)                        Turns: 897, Time: 00:01:28

Health: 24/24      AC:  2    Str:  8    XL:     3   Next: 0%
Magic:  6/6        EV: 12    Int: 16    God:
Gold:   58         SH:  0    Dex: 15    Spells: 5/6 levels left

rFire   . . .        (no weapon)
rCold   . . .        (no shield)
rNeg    . . .        a - +0 robe
rPois   .            (no helmet)
rElec   .            (no cloak)
rCorr   .            (no gloves)
SInv    .            (no boots)
Will    .....        (no amulet)
Stlth   ++           (no ring)
HPRegen 0.24/turn    (no ring)
MPRegen 0.20/turn

%: no passive effects
@: no status effects
A: magic regeneration, weakness stinger 1
a: no special abilities


You escaped.
You visited 1 branch of the dungeon, and saw 1 of its levels.

You collected 58 gold pieces.

Inventory:

Armour
 a - a +0 robe (worn)
Scrolls
 e - a scroll of acquirement {unknown}
Potions
 b - a potion of magic
 c - a potion of haste {unknown}
 d - 2 potions of lignification {unknown}


   Skills:
 + Level 0.2 Fighting
 + Level 1.9 Dodging
 + Level 2.4 Stealth
 + Level 2.2 Spellcasting
 + Level 0.8 Transmutations
 + Level 3.2 Earth Magic


You had 5 spell levels left.
You knew the following spells:

 Your Spells              Type           Power      Damage    Failure   Level
a - Sandblast             Erth           24%        2d8       5%          1

Your spell library contained the following spells:

 Spells                   Type           Power      Damage    Failure   Level
 Passwall                 Tmut/Erth      6%         N/A       13%         2
 Magic Dart               Conj           4%         1d3       21%         1
 Searing Ray              Conj           2%         2d4       30%         2
 Stone Arrow              Conj/Erth      12%        3d7       32%         3
 Petrify                  Tmut/Erth      8%         N/A       65%         4
 Fulminant Prism          Conj/Hex       0%         3d5       90%         4


Dungeon Overview and Level Annotations

Branches:
Dungeon (1/15)

Altars:


Innate Abilities, Weirdness & Mutations

You regenerate magic rapidly.
You have a small tail.


Message History

A frilled lizard is nearby!
A frilled lizard is nearby!
A frilled lizard is nearby!
The blast of sand hits the frilled lizard!
You kill the frilled lizard!
No target in view!
You can't see any susceptible monsters within range! (Use Z to cast anyway.) No target in view!
You can't see any susceptible monsters within range! (Use Z to cast anyway.) No target in view!
You can't see any susceptible monsters within range! (Use Z to cast anyway.)
An endoplasm comes into view.
The endoplasm quivers.
An endoplasm is nearby!
An endoplasm is nearby!
The blast of sand hits the endoplasm.
The endoplasm is heavily wounded.
The endoplasm freezes you.
You are frozen.
The blast of sand hits the endoplasm!
You kill the endoplasm!
You have reached level 3!
Your experience leads to an increase in your attributes!
Increase (S)trength, (I)ntelligence, or (D)exterity?
You feel agile. x2; Your demonic ancestry asserts itself...
You grow a small tail.
Found a stone staircase leading down.
e - a scroll labelled XUSAM XEWK As you open the door, it creaks loudly!
You open the door.
There is an open door here.
You see here a rat skeleton.
There is an open door here.
Done exploring.
There is a stone staircase leading down here.
There is an escape hatch in the floor here.
There is a staircase leading out of the dungeon here.
You can't go down here!
Are you sure you want to leave the Dungeon?
This will make you lose the game!
You have escaped!

.......####.#####.#...#..........
.###.#.# #.# #.#...#.##...####
.###.#.####.# #.....#.#....#
..........#.#####.#..........#
.###.######.#......#..#.#....#
..##.# ##.................#
.....### #..⌠.......#....######
.......# #............^........
..####.# #...>@.∩....#...##.###
..####.## #...........#...##.#
.....#..####..⌠...............#
.....##...##........##.#..###.#
.#...####..........##..#..# #.#
..#.## ####......###.##..# #.#
###.# ######..##.##..# #.# ###.#
###..#..#..# #.# ....#
####..........# #.#


There were no monsters in sight!

Vanquished Creatures
  2 dart slugs (D:1)
  6 endoplasms (D:1)
  A quokka (D:1)
  6 ball pythons (D:1)
  2 bats (D:1)
  3 frilled lizards (D:1)
  A goblin (D:1)
  2 kobolds (D:1)
  2 rats (D:1)
25 creatures vanquished.

Notes
Turn   | Place    | Note
-------+----------+-------------------------------------------
     0 | D:1      | DemonSlayer the Demonspawn Earth Elementalist began the
                  | quest for the Orb.
     0 | D:1      | Reached XP level 1. HP: 13/13 MP: 3/3
    77 | D:1      | Reached skill level 3 in Earth Magic
   169 | D:1      | Gained mutation: You regenerate magic rapidly. [demonic
                  | ancestry]
   169 | D:1      | Reached XP level 2. HP: 19/19 MP: 0/5
   521 | D:1      | Gained mutation: You have a small tail. [demonic ancestry]
   521 | D:1      | Reached XP level 3. HP: 21/24 MP: 3/6
   897 | D:$      | Got out of the dungeon alive.

Illustrated notes

Levels and vault maps discovered:
D:1:      wander_arrival_desolate, layout_basic

Skill      XL: |  1 |
---------------+----+-----
Earth Magic    | 3 |  3.2
Stealth        | 2 |  2.4
Fighting       | |  0.2
Dodging        | |  1.9
Spellcasting   | |  2.2
Transmutations | |  0.8

Action                     || total
---------------------------++-------
  Melee: Unarmed           ||    13
   Cast: Sandblast         ||    32
 Armour: Robe              ||     4
  Dodge: Dodged            ||    15
